 Dungeon Crawl Stone Soup version 0.31-a0-161-gb58dd9be76 (webtiles) character file.

Game seed: 1442926209417208092

209 qw the Shooter (level 5, -3/49 HPs)
             Began as a Naga Hunter on June 12, 2023.
             Slain by a goblin
             ... wielding a +0 dagger
             ... led by Robin
              (5 damage)
             ... on level 4 of the Dungeon.
             The game lasted 00:00:52 (2707 turns).

qw the Shooter (Naga Hunter)                        Turns: 2707, Time: 00:00:52

Health: -3/49      AC:  3    Str: 15    XL:     5   Next: 87%
Magic:  5/5        EV:  9    Int: 10    God:
Gold:   219        SH:  0    Dex: 16    Spells: 4/4 levels left

rFire   . . .        Y - +1 shortbow
rCold   . . .        (shield currently unavailable)
rNeg    . . .        c - +0 leather armour
rPois   +            (no helmet)
rElec   .            (no cloak)
rCorr   .            (no gloves)
SInv    +            (no barding)
Will    .....        d - amulet of Larot {Acrobat Regen+ Str+2}
Stlth   ++           (no ring)
HPRegen 1.08/turn    (no ring)
MPRegen 0.09/turn

%: acrobat
@: short of breath, very slow
A: AC +1, large, see invisible, deformed body, poison resistance, slowness 2,
spit poison 1, naga tail 1
a: Spit Poison


You were on level 4 of the Dungeon.
You visited 1 branch of the dungeon, and saw 4 of its levels.

You collected 219 gold pieces.


Innate Abilities, Weirdness & Mutations

Your serpentine skin is tough. (AC +1)
You have supernaturally acute eyesight. (SInv)
Armour fits poorly on your strangely shaped body.
Your system is resistant to poisons. (rPois)
You cover ground very slowly.
You can spit poison.
You have a snake-like lower body.


   Skills:
 - Level 3.0 Fighting
 + Level 5.9 Ranged Weapons
 - Level 1.5 Dodging
 - Level 1.5 Stealth


You had 4 spell levels left.
You didn't know any spells.
Your spell library was empty.

Inventory:

Hand Weapons
 Y - a +1 shortbow (weapon)
Armour
 c - a +0 leather armour (worn)
Jewellery
 d - the amulet of Larot (around neck) {Acrobat Regen+ Str+2}
   (You found it on level 3 of the Dungeon)

   [amulet of the acrobat]

   It increases your evasion while moving and waiting.
   Str:       It affects your strength (+2).
   Regen:     It increases your rate of health regeneration.
Scrolls
 b - a scroll of identify
Potions
 g - a potion of curing {unknown}
 i - a potion of haste {unknown}
 j - a potion of might {unknown}
 k - a potion of enlightenment {unknown}

Dungeon Overview and Level Annotations

Branches:
Dungeon (4/15)
 Temple: D:4-7

Altars:
Cheibriados
Yredelemnul

Shops:
D:2 (

Annotations:
D:4 Pikel, Robin


Message History

You shoot an arrow. The arrow misses Pikel.
The arrow barely misses the goblin.
A hobgoblin comes into view.
The lemure hits you.
Pikel hits you with a +1 whip of flaming.
Pikel burns you. The goblin hits you but does no damage.
You shoot an arrow. The hobgoblin shouts!
The arrow hits Pikel.
Pikel is moderately wounded.
The lemure barely misses you.
Pikel hits you with a +1 whip of flaming.
Pikel burns you. The goblin hits you with a +0 dagger.
2704 ||| DRINKING potion of heal wounds.
You feel much better. Robin throws the goblin at you! The lemure hits you.
Pikel closely misses you. The goblin barely misses you.
The goblin hits you with a +0 dagger.
You shoot an arrow. The arrow barely misses Pikel.
The arrow hits the lemure.
The lemure is lightly wounded.
You have got your breath back.
Pikel hits you with a +1 whip of flaming!
Pikel burns you.
The goblin hits you with a +0 dagger. x2
A goblin comes into view. It is wielding a +0 club.
2706 ||| INVOKING Spit Poison.
Aiming: Spit Poison (1% risk of failure)
Press: ? - help, Shift-Dir - straight line, f/p - Pikel The splash of poison hits Pikel.
Pikel looks even sicker.
Pikel is heavily wounded.
Robin roars a battlecry!
The hobgoblin goes into a battle-frenzy!
The lemure hits you! Pikel waves his whip at you. Pikel barely misses you.
A hobgoblin comes into view.
The goblin hits you but does no damage. The goblin hits you with a +0 dagger.
The hobgoblin shouts!
You hear a shout!
You shoot an arrow. The arrow closely misses Pikel.
The arrow hits the lemure.
The lemure is lightly wounded.
The lemure barely misses you. Pikel barely misses you.
The goblin hits you with a +0 dagger. x2
You die...

.##.#..........#
#........
...#.####.#.#.#
#.##..... # #.##
#.#.###########.##
##....#.#.#.........#.##
.............#####.#...
.##..##..##(.## #.####
##....####%.# #.....
##.g## ##..# ###### #g@#
##...## #K5# #.....#
g555g...#...####
...gggg...#.#....#####
...###..###...####..##..
.. #..# ##..# #....... .
#g.# ##.#...####.. .g..
#.#.## #.# .... #>#


You could see Pikel (very poisoned), 4 lemures, Robin, 4 hobgoblins and 5
goblins.

Vanquished Creatures
  A hound (D:3)
  2 jellies
  An iguana (D:4)
  2 adders
  A shadow imp (D:4)
  3 worms
  2 dart slugs
  6 orcs (D:3)
  2 ball pythons
  A bat (D:1)
  3 endoplasms
  6 giant cockroaches
  6 goblins
  A hobgoblin (D:4)
  2 jackals (D:1)
  3 quokkas
  6 kobolds
  5 rats
53 creatures vanquished.

Notes
Turn   | Place    | Note
-------+----------+-------------------------------------------
     0 | D:1      | qw the Naga Hunter began the quest for the Orb.
     0 | D:1      | Reached XP level 1. HP: 19/19 MP: 1/1
     0 | D:1      | 0 ||| qw: Version: 0.2-a-29-gc1b59c4
     0 | D:1      | 0 ||| qw: Game counter: 4253
     0 | D:1      | 0 ||| qw: Always use a shield: true
     0 | D:1      | 0 ||| qw: God list: Okawaru
     0 | D:1      | 0 ||| qw: Allow faded altars: false
     0 | D:1      | 0 ||| qw: Do Orc after D:15 true
     0 | D:1      | 0 ||| qw: Do second Lair branch before Depths: true
     0 | D:1      | 0 ||| qw: Lair rune preference: random
     0 | D:1      | 0 ||| qw: Plans: Normal
     0 | D:1      | 0 ||| PLANNING D:1-11
    36 | D:1      | 36 ||| INVOKING Spit Poison.
    40 | D:1      | 40 ||| INVOKING Spit Poison.
   127 | D:1      | 127 ||| INVOKING Spit Poison.
   132 | D:1      | 132 ||| INVOKING Spit Poison.
   133 | D:1      | HP: 2/19 [goblin/+0 club (3)]
   218 | D:1      | 218 ||| INVOKING Spit Poison.
   222 | D:1      | 222 ||| INVOKING Spit Poison.
   245 | D:1      | 245 ||| INVOKING Spit Poison.
   246 | D:1      | Reached skill level 4 in Ranged Weapons
   246 | D:1      | Reached XP level 2. HP: 26/26 MP: 2/2
   327 | D:1      | 327 ||| INVOKING Spit Poison.
   364 | D:1      | Found a faded altar of an unknown god.
   369 | D:1      | 369 ||| INVOKING Spit Poison.
   437 | D:1      | 437 ||| INVOKING Spit Poison.
   438 | D:1      | 438 ||| Stepping ~*~*~tactically~*~*~ (outnumbered).
   441 | D:1      | 441 ||| INVOKING Spit Poison.
   453 | D:1      | 453 ||| INVOKING Spit Poison.
   463 | D:1      | 463 ||| INVOKING Spit Poison.
   512 | D:1      | 512 ||| INVOKING Spit Poison.
   729 | D:1      | 729 ||| DROPPING amulet of magic regeneration.
   730 | D:1      | 730 ||| READING scroll labelled NEOCIT UPHA.
   731 | D:1      | 731 ||| READING scroll labelled INEUSA NACHOW.
   732 | D:1      | 732 ||| DROPPING scroll of butterflies.
   776 | D:2      | Identified the +0 mace of Nirhy {venom, rElec}
   822 | D:2      | 822 ||| FLEEEEING.
   824 | D:2      | 824 ||| INVOKING Spit Poison.
   828 | D:2      | Reached XP level 3. HP: 25/32 MP: 3/3
   878 | D:2      | 878 ||| INVOKING Spit Poison.
   884 | D:2      | 884 ||| INVOKING Spit Poison.
   978 | D:2      | 978 ||| INVOKING Spit Poison.
  1005 | D:2      | Found Biblann's Antique Weapon Shop.
  1047 | D:2      | 1047 ||| INVOKING Spit Poison.
  1224 | D:2      | 1224 ||| INVOKING Spit Poison.
  1262 | D:2      | 1262 ||| INVOKING Spit Poison.
  1266 | D:2      | 1266 ||| INVOKING Spit Poison.
  1521 | D:2      | 1521 ||| READING scroll labelled OTUVUN QATEUT.
  1522 | D:2      | 1522 ||| READING 2 scrolls labelled WAF TATIADAID.
  1523 | D:2      | 1523 ||| READING scroll labelled BEDUUN GUOL.
  1524 | D:2      | 1524 ||| DRINKING 2 inky potions.
  1525 | D:2      | 1525 ||| READING 2 scrolls of identify.
  1525 | D:2      | 1525 ||| IDENTIFYING black potion
  1526 | D:2      | 1526 ||| DROPPING scroll of fog.
  1527 | D:2      | 1527 ||| DROPPING potion of degeneration.
  1593 | D:3      | Identified the amulet of Larot {Acrobat Regen+ Str+2}
  1650 | D:3      | 1650 ||| INVOKING Spit Poison.
  1655 | D:3      | 1655 ||| INVOKING Spit Poison.
  1658 | D:3      | Reached skill level 5 in Ranged Weapons
  1658 | D:3      | Reached XP level 4. HP: 19/39 MP: 4/4
  1658 | D:3      | 1658 ||| INVOKING Spit Poison.
  1749 | D:3      | 1749 ||| INVOKING Spit Poison.
  1757 | D:3      | 1757 ||| INVOKING Spit Poison.
  1782 | D:3      | 1782 ||| INVOKING Spit Poison.
  1839 | D:3      | 1839 ||| INVOKING Spit Poison.
  1852 | D:3      | Reached XP level 5. HP: 48/48 MP: 5/5
  1876 | D:3      | 1876 ||| INVOKING Spit Poison.
  1877 | D:3      | Reached skill level 3 in Fighting
  1905 | D:3      | 1905 ||| INVOKING Spit Poison.
  2056 | D:3      | 2056 ||| INVOKING Spit Poison.
  2095 | D:3      | Found a snail-covered altar of Cheibriados.
  2095 | D:3      | Found a basalt altar of Yredelemnul.
  2096 | D:3      | 2096 ||| INVOKING Spit Poison.
  2199 | D:3      | 2199 ||| INVOKING Spit Poison.
  2258 | D:3      | 2258 ||| INVOKING Spit Poison.
  2313 | D:3      | 2313 ||| INVOKING Spit Poison.
  2319 | D:3      | 2319 ||| INVOKING Spit Poison.
  2340 | D:3      | 2340 ||| INVOKING Spit Poison.
  2403 | D:3      | 2403 ||| UPGRADING to amulet of Larot {Acrobat Regen+
                  | Str+2}.
  2408 | D:3      | 2408 ||| READING scroll labelled FUNIWK DEETAA.
  2409 | D:3      | 2409 ||| READING scroll labelled KIQIANA VY DIKH.
  2410 | D:3      | 2410 ||| READING scroll labelled CUIRIU GADAUT.
  2472 | D:4      | 2472 ||| INVOKING Spit Poison.
  2476 | D:4      | 2476 ||| INVOKING Spit Poison.
  2615 | D:4      | 2615 ||| INVOKING Spit Poison.
  2618 | D:4      | 2618 ||| INVOKING Spit Poison.
  2644 | D:4      | 2644 ||| INVOKING Spit Poison.
  2694 | D:4      | Noticed Pikel
  2694 | D:4      | Noticed a lemure
  2694 | D:4      | Noticed a lemure
  2694 | D:4      | Noticed a lemure
  2694 | D:4      | Noticed a lemure
  2695 | D:4      | 2695 ||| INVOKING Spit Poison.
  2698 | D:4      | Noticed Robin
  2699 | D:4      | 2699 ||| INVOKING Spit Poison.
  2703 | D:4      | HP: 12/49 [Pikel/+1 whip of flaming (2)]
  2704 | D:4      | 2704 ||| DRINKING potion of heal wounds.
  2706 | D:4      | 2706 ||| INVOKING Spit Poison.
  2706 | D:4      | HP: 1/49 [goblin/+0 dagger[Robin] (5)]
  2707 | D:4      | Slain by a goblin

Levels and vault maps discovered:
D:1:      wander_arrival_estate, layout_loops_ring,
          ebering_ecumenical_altar_webs
D:2:      layout_basic, serial_shops, shop
D:3:      layout_loops_corners, chequers_temple_overflow_statue_of_worship
D:4:      layout_basic, palyth_stone_intersect, uniq_robin, uniq_duvessa,
          uniq_eustachio, uniq_pikel

Skill      XL: |  1  2  3  4  5 |
---------------+----------------+-----
Ranged Weapons | 4 5 |  5.9
Fighting       | 3 |  3.0
Dodging        | |  1.5
Stealth        | |  1.5

Action                     |  1- 3 |  4- 6 || total
---------------------------+-------+-------++-------
   Fire: Shortbow          |    62 |    68 ||   130
Ability: Spit Poison       |    24 |    22 ||    46
    Use: Scroll            |     6 |     3 ||     9
         Potion            |     1 |     1 ||     2
 Armour: Leather armour    |     5 |     8 ||    13
  Dodge: Dodged            |    14 |    13 ||    27

Table legend:
 A = Non-vault XP
 B = Vault XP
 C = Vault XP percentage of total XP
 D = Non-vault monster count
 E = Vault monster count
 F = Vault count percentage of total count
                 A         B        C        D         E       F
            +---------+---------+-------+---------+---------+-------
      Total |     299 |       0 |   0.0 |      53 |       0 |   0.0
            +---------+---------+-------+---------+---------+-------
        D:1 |      30 |       0 |   0.0 |      16 |       0 |   0.0
        D:2 |      37 |       0 |   0.0 |      10 |       0 |   0.0
        D:3 |     133 |       0 |   0.0 |      19 |       0 |   0.0
        D:4 |      99 |       0 |   0.0 |       8 |       0 |   0.0
            +---------+---------+-------+---------+---------+-------
